 Dungeon Crawl Stone Soup version 0.27-a0-67-g4bfc8a49e1 (webtiles) character file.

Game seed: 486919081559048465

70 Borgoz the Ruffian (level 4, -2/38 HPs)
             Began as a Ghoul Gladiator on Jan 9, 2021.
             Slain by a gnoll
             ... wielding a +1 great sword of holy wrath
              (22 damage)
             ... on level 2 of the Dungeon.
             The game lasted 00:02:00 (2415 turns).

Borgoz the Ruffian (Ghoul Gladiator)                Turns: 2415, Time: 00:02:00

Health: -2/38      AC:  7    Str: 17    XL:     4   Next: 22%
Magic:  3/3        EV: 11    Int:  4    God:
Gold:   169        SH:  0    Dex: 10    Spells: 3/3 levels left

rFire    . . .     SeeInvis .     - Unarmed
rCold    + . .     Faith    .   (no shield)
rNeg     + + +     Spirit   .   d - +0 ring mail (curse)
rPois    ∞         Reflect  .   b - +1 helmet
rElec    .         Harm     .   (no cloak)
rCorr    .         Rampage  .   (no gloves)
Will     .....                  (no boots)
Stlth    ..........             i - amulet of inaccuracy (curse)
HPRegen  0.00/turn              (no ring)
MPRegen  0.08/turn              (no ring)

@: no status effects
A: claws 1, cold resistance 1, negative energy resistance 3, inhibited
regeneration, torment resistance, unbreathing
a: no special abilities


You were on level 2 of the Dungeon.
You visited 1 branch of the dungeon, and saw 2 of its levels.

You collected 169 gold pieces.

Inventory:

Missiles
 c - 3 throwing nets (quivered)
Armour
 b - a +1 helmet (worn)
 d - a cursed +0 ring mail (worn)
Jewellery
 e - an uncursed ring of fire
 i - a cursed amulet of inaccuracy (around neck)
Scrolls
 a - a scroll of remove curse {unknown}
 g - a scroll of teleportation {unknown}
Potions
 f - a potion of haste
 h - a potion of attraction {unknown}
 j - a potion of heal wounds


   Skills:
 + Level 3.0 Fighting
 - Level 1.7 Throwing
 + Level 1.5 Armour
 + Level 3.2 Dodging
 + Level 3.9 Unarmed Combat


You had 3 spell levels left.
You didn't know any spells.
Your spell library was empty.

Dungeon Overview and Level Annotations

Branches:
Dungeon (2/15)

Altars:


Innate Abilities, Weirdness & Mutations

You thrive by killing the living.
You are immune to poison.
You have sharp fingernails.
Your flesh is cold resistant. (rC+)
You are immune to negative energy. (rN+++)
You do not regenerate when monsters are visible.
You are immune to unholy pain and torment.
You can survive without breathing.


Message History

You barely miss the gnoll.
The gnoll is lightly wounded.
The gnoll hits you with a +0 club.
You closely miss the gnoll.
The gnoll is lightly wounded.
The gnoll barely misses you.
You closely miss the gnoll.
The gnoll is lightly wounded.
The gnoll hits you but does no damage.
You scratch the gnoll.
The gnoll is heavily wounded.
You scratch the gnoll.
You kill the gnoll!
You feel better.
Your Fighting skill increases to level 3!
You scratch the gnoll but do no damage.
The gnoll hits you with a +1 great sword of holy wrath!
You convulse!!
Ouch! That really hurt!
You die...

.♣♣♣..♣♣♣..♣P....♣§.♣P♣.§♣#.#.#
P...(♣..♣PP..♣....♣.§§≈PP.#.#.#
♣♣.♣♣.♣.♣..♣P♣..♣.♣§♣♣§♣......#
♣.♣P8...♣♣.P♣♣♣.♣.♣.♣....#.####
P.......♣.P....♣♣.♣..♣.§.#.#
♣.8.⌠.8)..♣P.♣P...P♣.♣♣.##.#
.........P..♣..♣♣(..♣†♣..#.#
♣...8P..♣♣..♣.♣.♣.###♣.P.♣.#
.♣♣♣..♣♣♣..♣....@## #♣.#..#
♣....♣.)♣....♣..#g.).+#P..##
♣♣.♣♣.♣P♣..♣♣♣P.♣##.##.♣..#
.♣....♣♣♣♣.♣♣♣♣.♣ #PP..♣#
..♣♣♣.P.♣..§PP§♣♣ ♣♣.P.♣
#♣.♣♣###P♣♣§###... ♣♣### #..##
###### ....# ..>.#


You could see a gnoll.

Vanquished Creatures
  An adder (D:2)
  A gnoll (D:2)
  An ooze (D:2)
  A dart slug (D:1)
  A leopard gecko (D:2)
  An orc (D:2)
  4 bats
  2 giant cockroaches (D:2)
  3 hobgoblins
  8 jackals
  4 quokkas (D:2)
  6 frilled lizards
  3 goblins (D:1)
  7 rats
43 creatures vanquished.

Vanquished Creatures (others)
  23 plants (D:2)
23 creatures vanquished.

Grand Total: 66 creatures vanquished

Notes
Turn   | Place    | Note
-------+----------+-------------------------------------------
     0 | D:1      | Borgoz the Ghoul Gladiator began the quest for the Orb.
     0 | D:1      | Reached XP level 1. HP: 17/17 MP: 0/0
    95 | D:1      | Reached XP level 2. HP: 8/25 MP: 1/1
  1312 | D:2      | Reached skill level 1 in Armour
  1312 | D:2      | Reached XP level 3. HP: 30/30 MP: 2/2
  2185 | D:2      | Reached XP level 4. HP: 24/37 MP: 3/3
  2415 | D:2      | Slain by a gnoll

Illustrated notes

Levels and vault maps discovered:
D:1:      minmay_arrival_cross, layout_basic
D:2:      wad_woods_tower, layout_basic, serial_aquarium,
          aquarium_bridge_straight [aquarium_subvault_bridge,
          aquarium_subvault_window, aquarium_subvault_bridge,
          aquarium_subvault_balcony], aquarium_window_1, aquarium_window_corner,
          aquarium_window_1, aquarium_view_2e, aquarium_view_2d,
          aquarium_balcony_double_4

Skill      XL: |  1  2  3  4 |
---------------+-------------+-----
Dodging        | 3 |  3.2
Armour         | 1 |  1.5
Fighting       | 3 |  3.0
Throwing       | |  1.7
Unarmed Combat | |  3.9

Action                   |  1- 3 |  4- 6 || total
-------------------------+-------+-------++-------
Melee: Unarmed           |   161 |    15 ||   176
       Punch             |     1 |       ||     1
  Use: Scroll            |     8 |       ||     8
Armor: Ring mail         |    62 |     4 ||    66
Dodge: Dodged            |   106 |     5 ||   111

Table legend: (Time is in decaauts)
 A = Elapsed time spent in this place.
 B = Non-inter-level travel time spent in this place.
 C = Inter-level travel time spent in this place.
 D = Time resting spent in this place.
 E = Time spent auto-exploring this place.
 F = Levels seen in this place.
 G = Mean time per level.
                   A        B        C        D        E       F      G
               +--------+--------+--------+--------+--------+-----+--------+
         Total |   2401 |   2395 |      6 |    306 |   1774 |   2 | 1200.5 |
       Dungeon |   2401 |   2395 |      6 |    306 |   1774 |   2 | 1200.5 |
               +--------+--------+--------+--------+--------+-----+--------+

Top non-repeatable levels by time:
     D:2: 1203 daAuts
     D:1: 1198 daAuts
